Canucks vs Blues

Created - January-12-13 at 11:27

Goals
1 2 3 T
Canucks 1 1 1 3
Blues 1 0 1 2
Shots
1 2 3 T
Canucks 7 4 7 18
Blues 8 5 6 19

1st period

1. Blues , Ryan Getzlaf 7 (Mark Streit, Rick Nash) at 4:14
2. Canucks , Henrik Zetterberg 12 (Dmitry Kulikov, Matt Carle) at 13:03 (PP)

Penalties :
Christopher Higgins (STL) for Elbowing (Minor) at 11:57, Alexander Radulov (STL) for Hooking (Minor) at 13:17, Barret Jackman (STL) for Holding Stick (Minor) at 16:21

2nd period

3. Canucks , Nick Foligno 1 (Erik Karlsson, Brandon Sutter) at 11:07

Penalties :
Dmitry Kulikov (VAN) for High sticking (Minor) at 4:08, Mark Streit (STL) for Hooking (Minor) at 13:37

3rd period

4. Blues , Rick Nash 9 (Mark Streit) at 5:03 (PP)
5. Canucks , Corey Perry 9 (Loui Eriksson, Alex Pietrangelo) at 10:59

Penalties :
Steve Ott (STL) for High sticking (Minor) at 0:27, Ryan OReilly (VAN) for Roughing (Minor) at 4:57, Dmitry Kulikov (VAN) for Holding (Minor) at 8:33, Phil Kessel (VAN) for Roughing (Double Minor) at 18:53

Goalie Stats

Henrik Lundqvist (VAN), 17 saves from 19 shots - (0.895), W, 24-14-4, 60:00 minutes
Ondrej Pavelec (STL), 15 saves from 18 shots - (0.833), L, 16-20-3, 59:01 minutes

Players Stats for Canucks

Player Name              G  A  P  +/- PIM S  H  SB GA TA FO     MP     PP MP  PK MP  
------------------------------------------------------------------------------------
Alex Pietrangelo         0  1  1   0  0   0  1  4  0  0  0/0    22:23   4:11   3:04 
Brandon Sutter           0  1  1   1  0   0  0  0  0  0  4/7     5:40   0:00   1:09 
Brooks Laich             0  0  0   0  0   0  1  0  0  0  10/21  21:44   4:58   3:43 
Corey Perry              1  0  1   2  0   3  1  0  0  0  2/2    22:09   4:52   0:00 
Dmitry Kulikov           0  1  1   0  4   0  3  1  0  0  0/0    18:33   3:40   0:18 
Erik Karlsson            0  1  1   1  0   1  0  1  0  0  0/0    24:32   5:02   3:04 
Henrik Zetterberg        1  0  1  -1  0   5  0  0  0  0  8/17   19:24   3:56   0:00 
Kris Russell             0  0  0   1  0   0  0  0  0  0  0/0     1:56   0:00   0:07 
Loui Eriksson            0  1  1   1  0   3  0  0  0  0  0/1    18:10   5:06   0:18 
Marco Scandella          0  0  0   0  0   1  1  0  0  0  0/0    17:24   1:11   1:59 
Matt Carle               0  1  1   0  0   1  0  0  0  0  0/0    19:28   4:00   0:20 
Maxime Talbot            0  0  0   0  0   0  0  1  0  0  1/2    16:46   0:00   3:43 
Mikko Koivu              0  0  0   1  0   2  0  0  0  0  6/12   15:51   3:05   0:00 
Nick Foligno             1  0  1   1  0   1  1  0  0  0  0/0     4:31   0:00   0:00 
Phil Kessel              0  0  0  -1  4   1  0  0  0  0  0/1    19:23   3:56   0:00 
Radek Martinek           0  0  0   0  0   0  0  0  0  0  0/0    15:42   0:00   1:28 
Ryan OReilly             0  0  0  -1  2   0  0  1  0  0  4/6    18:07   1:13   1:27 
Valtteri Filppula        0  0  0   0  0   0  0  0  0  0  0/0    13:03   0:00   0:00 

Players Stats for Blues

Player Name              G  A  P  +/- PIM S  H  SB GA TA FO     MP     PP MP  PK MP  
------------------------------------------------------------------------------------
Alexander Radulov        0  0  0   0  2   3  3  0  0  0  0/2    19:43   1:42   0:00 
Andrei Markov            0  0  0   0  0   2  0  0  0  0  0/0    11:49   0:00   1:06 
Barret Jackman           0  0  0   0  2   1  2  3  0  0  0/0    22:02   2:16   3:28 
Brad Boyes               0  0  0  -1  0   0  0  0  0  0  3/9    14:11   0:00   1:36 
Brenden Morrow           0  0  0  -1  0   1  4  0  0  0  1/1    12:35   0:00   0:00 
Brent Burns              0  0  0   0  0   0  0  0  0  0  0/0    21:24   2:54   4:17 
Christopher Higgins      0  0  0   0  2   0  1  0  0  0  0/2    22:37   1:42   2:54 
Jerred Smithson          0  0  0   1  0   0  1  0  0  0  0/0     1:43   0:00   0:00 
Jussi Jokinen            0  0  0   0  0   1  1  0  0  0  9/19   19:44   1:42   0:00 
Kent Huskins             0  0  0  -1  0   0  0  0  0  0  0/0     6:02   0:00   1:29 
Mark Fayne               0  0  0   0  0   1  0  0  0  0  0/0    10:43   0:00   0:00 
Mark Streit              0  2  2   0  2   0  0  1  0  0  0/0    22:01   2:16   3:27 
Rick Nash                1  1  2   0  0   2  0  2  0  0  5/9    24:12   3:28   5:33 
Ryan Getzlaf             1  0  1   0  0   2  0  0  0  0  15/25  24:25   3:28   5:46 
Sami Salo                0  0  0   0  0   2  0  0  0  0  0/0    21:24   2:54   4:17 
Steve Ott                0  0  0  -1  2   2  2  0  0  0  1/2    19:10   3:28   2:15 
Todd Bertuzzi            0  0  0  -1  0   1  1  0  0  0  0/0    12:35   0:00   0:00 
Yannick Weber            0  0  0  -1  0   1  0  1  0  0  0/0     4:33   0:00   0:00 

3 Stars

1 - Corey Perry (VAN)
2 - Rick Nash (STL)
3 - Nick Foligno (VAN)

Power Play

Canucks - 1 on 5 Attempt(s) - 20.00%
Blues - 1 on 5 Attempt(s) - 20.00%

Penalty Kill

Canucks - 4 on 5 Attempt(s) - 80.00% - Score 0 goal in Penalty Kill
Blues - 4 on 5 Attempt(s) - 80.00% - Score 0 goal in Penalty Kill

Official

Referees : Justin StPierre and Kelly Sutherland
Linesman : Pierre Champoux and Mark Shewchyk

Game Notes

No Game Note

Finance

Level 1 -- Attendance: 6500 (100.00%) -- Ticket Income $390,000
Level 2 -- Attendance: 5000 (100.00%) -- Ticket Income $150,000
Level 3 -- Attendance: 3500 (100.00%) -- Ticket Income $87,500
Level 4 -- Attendance: 2899 (95.93%) -- Ticket Income $43,485
Luxury Box -- Attendance: 1000 (100.00%) -- Ticket Income $120,000
Game was played at the Scottrade Center
Total Attendance: 18899 (99.35%)
Total Ticket Income: $790,985
Other Income: $118,648
Total Income: $909,633


% Time on Ice - Canucks

Lines # - Real PCT - Wanted PCT - Time Play
Normal Forward
1 - 34% - 37% - 15:28
2 - 28% - 31% - 12:46
3 - 28% - 24% - 13:03
4 - 10% - 8% - 4:31
Normal Defense
1 - 33% - 33% - 15:08
2 - 32% - 31% - 14:37
3 - 31% - 28% - 14:14
4 - 4% - 8% - 1:49
PP Forward
1 - 44% - 54% - 3:56
2 - 56% - 46% - 5:06
PP Defense
1 - 56% - 55% - 5:02
2 - 44% - 45% - 4:00
PK Forward
1 - 78% - 60% - 4:01
2 - 22% - 40% - 1:09
PK Defense
1 - 59% - 60% - 3:04
2 - 41% - 40% - 2:06
PK3 Forward
1 - 0% - 54%
2 - 0% - 46%
PK3 Defense
1 - 0% - 55%
2 - 0% - 45%
44 Forward
1 - 0% - 56%
2 - 0% - 44%
44 Defense
1 - 0% - 60%
2 - 0% - 40%
Last Minute Offensive  - 0:00
Last Minute Defensive  - 0:00
Total
Forward - 60:00
Defense - 60:00

% Time on Ice - Blues

Lines # - Real PCT - Wanted PCT - Time Play
Normal Forward
1 - 29% - 40% - 13:28
2 - 39% - 30% - 18:02
3 - 27% - 20% - 12:35
4 - 4% - 10% - 1:43
Normal Defense
1 - 36% - 40% - 16:19
2 - 31% - 30% - 14:13
3 - 23% - 20% - 10:43
4 - 10% - 10% - 4:33
PP Forward
1 - 67% - 60% - 3:28
2 - 33% - 40% - 1:42
PP Defense
1 - 44% - 60% - 2:16
2 - 56% - 40% - 2:54
PK Forward
1 - 68% - 60% - 6:09
2 - 32% - 40% - 2:53
PK Defense
1 - 53% - 60% - 4:45
2 - 47% - 40% - 4:17
PK3 Forward
1 - 0% - 60%
2 - 0% - 40%
PK3 Defense
1 - 0% - 60%
2 - 0% - 40%
44 Forward
1 - 0% - 60%
2 - 0% - 40%
44 Defense
1 - 0% - 60%
2 - 0% - 40%
Last Minute Offensive  - 0:00
Last Minute Defensive  - 0:00
Total
Forward - 60:00
Defense - 60:00

Play by Play

1st period


0:01 of 1st period - Ryan Getzlaf wins face-off versus Henrik Zetterberg in neutral zone.
0:22 of 1st period - Icing by Alex Pietrangelo.
0:23 of 1st period - Ryan OReilly wins face-off versus Jussi Jokinen in Canucks zone.
0:41 of 1st period - Shot by Phil Kessel.
0:41 of 1st period - Shot Misses the Net.
0:49 of 1st period - Shot by Henrik Zetterberg.
0:49 of 1st period - Deflect By Phil Kessel.
0:49 of 1st period - Stopped by Ondrej Pavelec with a rebound.
0:51 of 1st period - Shot by Matt Carle.
0:51 of 1st period - Stopped by Ondrej Pavelec without a rebound.
0:52 of 1st period - Brenden Morrow wins face-off versus Mikko Koivu in Blues zone.
0:52 of 1st period - Brenden Morrow is hit by Corey Perry.
1:12 of 1st period - Todd Bertuzzi is hit by Dmitry Kulikov and loses puck.
1:18 of 1st period - Brenden Morrow is hit by Dmitry Kulikov and loses puck.
1:29 of 1st period - Shot by Brenden Morrow.
1:29 of 1st period - Stopped by Henrik Lundqvist without a rebound.
1:30 of 1st period - Ryan Getzlaf wins face-off versus Maxime Talbot in Canucks zone.
2:00 of 1st period - Shot by Marco Scandella.
2:00 of 1st period - Shot Blocked by Barret Jackman.
3:42 of 1st period - Shot by Sami Salo.
3:42 of 1st period - Stopped by Henrik Lundqvist without a rebound.
3:43 of 1st period - Ryan Getzlaf wins face-off versus Ryan OReilly in Canucks zone.
4:14 of 1st period - Shot by Ryan Getzlaf.
4:14 of 1st period - Goal by Ryan Getzlaf - Canucks : 0 - Blues : 1.
4:15 of 1st period - Brooks Laich wins face-off versus Christopher Higgins in neutral zone.
4:43 of 1st period - Shot by Alexander Radulov.
4:43 of 1st period - Stopped by Henrik Lundqvist without a rebound.
4:44 of 1st period - Ryan Getzlaf wins face-off versus Henrik Zetterberg in Canucks zone.
4:57 of 1st period - Shot by Ryan Getzlaf.
4:57 of 1st period - Shot Blocked by Alex Pietrangelo.
5:43 of 1st period - Icing by Mark Streit.
5:44 of 1st period - Jussi Jokinen wins face-off versus Mikko Koivu in Blues zone.
8:51 of 1st period - Icing by Sami Salo.
8:52 of 1st period - Brad Boyes wins face-off versus Mikko Koivu in Blues zone.
10:24 of 1st period - Off-side.
10:25 of 1st period - Jussi Jokinen wins face-off versus Brooks Laich in neutral zone.
10:52 of 1st period - Shot by Alexander Radulov.
10:52 of 1st period - Shot Misses the Net.
10:55 of 1st period - Icing by Maxime Talbot.
10:56 of 1st period - Brooks Laich wins face-off versus Ryan Getzlaf in Canucks zone.
11:39 of 1st period - Shot by Loui Eriksson.
11:39 of 1st period - Stopped by Ondrej Pavelec without a rebound.
11:40 of 1st period - Henrik Zetterberg wins face-off versus Jussi Jokinen in Blues zone.
11:51 of 1st period - Shot by Alexander Radulov.
11:51 of 1st period - Stopped by Henrik Lundqvist with a rebound.
11:56 of 1st period - Matt Carle is hit by Alexander Radulov and loses puck.
11:57 of 1st period - Minor Penalty to Christopher Higgins for Elbowing.
11:58 of 1st period - Corey Perry wins face-off versus Rick Nash in Blues zone.
11:59 of 1st period - Shot by Alex Pietrangelo.
11:59 of 1st period - Shot Blocked by Barret Jackman.
12:37 of 1st period - Shot by Alex Pietrangelo.
12:37 of 1st period - Shot Blocked by Rick Nash.
13:03 of 1st period - Shot by Henrik Zetterberg.
13:03 of 1st period - Goal by Henrik Zetterberg - Canucks : 1 - Blues : 1.
13:04 of 1st period - Jussi Jokinen wins face-off versus Phil Kessel in neutral zone.
13:17 of 1st period - Minor Penalty to Alexander Radulov for Hooking.
13:18 of 1st period - Mikko Koivu wins face-off versus Rick Nash in Blues zone.
14:35 of 1st period - Shot by Loui Eriksson.
14:35 of 1st period - Stopped by Ondrej Pavelec without a rebound.
14:36 of 1st period - Steve Ott wins face-off versus Loui Eriksson in Blues zone.
14:47 of 1st period - Shot by Brent Burns.
14:47 of 1st period - Shot Misses the Net.
15:24 of 1st period - Shot by Mark Fayne.
15:24 of 1st period - Stopped by Henrik Lundqvist without a rebound.
15:25 of 1st period - Henrik Zetterberg wins face-off versus Brad Boyes in Canucks zone.
15:31 of 1st period - Todd Bertuzzi is hit by Marco Scandella and loses puck.
15:44 of 1st period - Shot by Todd Bertuzzi.
15:44 of 1st period - Stopped by Henrik Lundqvist without a rebound.
15:45 of 1st period - Jussi Jokinen wins face-off versus Brandon Sutter in Canucks zone.
16:07 of 1st period - Barret Jackman is hit by Nick Foligno and loses puck.
16:21 of 1st period - Minor Penalty to Barret Jackman for Holding Stick.
16:22 of 1st period - Rick Nash wins face-off versus Henrik Zetterberg in Blues zone.
16:53 of 1st period - Shot by Matt Carle.
16:53 of 1st period - Shot Misses the Net.
18:04 of 1st period - Shot by Henrik Zetterberg.
18:04 of 1st period - Stopped by Ondrej Pavelec with a rebound.
18:06 of 1st period - Shot by Henrik Zetterberg.
18:06 of 1st period - Stopped by Ondrej Pavelec without a rebound.
18:07 of 1st period - Rick Nash wins face-off versus Brooks Laich in Blues zone.
18:58 of 1st period - Off-side.
18:59 of 1st period - Jussi Jokinen wins face-off versus Henrik Zetterberg in neutral zone.
19:08 of 1st period - Shot by Jussi Jokinen.
19:08 of 1st period - Stopped by Henrik Lundqvist without a rebound.
19:09 of 1st period - Ryan Getzlaf wins face-off versus Mikko Koivu in Canucks zone.

2nd period


0:01 of 2nd period - Ryan Getzlaf wins face-off versus Mikko Koivu in neutral zone.
0:18 of 2nd period - Shot by Steve Ott.
0:18 of 2nd period - Stopped by Henrik Lundqvist without a rebound.
0:19 of 2nd period - Henrik Zetterberg wins face-off versus Jussi Jokinen in Canucks zone.
3:20 of 2nd period - Icing by Henrik Zetterberg.
3:21 of 2nd period - Ryan Getzlaf wins face-off versus Henrik Zetterberg in Canucks zone.
3:22 of 2nd period - Shot by Jerred Smithson.
3:22 of 2nd period - Shot Misses the Net.
3:24 of 2nd period - Shot by Jerred Smithson.
3:24 of 2nd period - Shot Blocked by Alex Pietrangelo.
3:26 of 2nd period - Shot by Jerred Smithson.
3:26 of 2nd period - Shot Misses the Net.
3:28 of 2nd period - Shot by Andrei Markov.
3:28 of 2nd period - Stopped by Henrik Lundqvist with a rebound.
3:30 of 2nd period - Shot by Andrei Markov.
3:30 of 2nd period - Stopped by Henrik Lundqvist without a rebound.
3:31 of 2nd period - Mikko Koivu wins face-off versus Jussi Jokinen in Canucks zone.
3:45 of 2nd period - Alexander Radulov is hit by Dmitry Kulikov and loses puck.
4:08 of 2nd period - Minor Penalty to Dmitry Kulikov for High sticking.
4:09 of 2nd period - Brooks Laich wins face-off versus Ryan Getzlaf in Canucks zone.
5:23 of 2nd period - Shot by Ryan OReilly.
5:23 of 2nd period - Shot Misses the Net.
6:08 of 2nd period - Loui Eriksson is hit by Todd Bertuzzi and loses puck.
6:28 of 2nd period - Off-side.
6:29 of 2nd period - Ryan Getzlaf wins face-off versus Brandon Sutter in neutral zone.
6:48 of 2nd period - Shot by Yannick Weber.
6:48 of 2nd period - Stopped by Henrik Lundqvist without a rebound.
6:49 of 2nd period - Ryan OReilly wins face-off versus Brad Boyes in Canucks zone.
8:06 of 2nd period - Shot by Loui Eriksson.
8:06 of 2nd period - Stopped by Ondrej Pavelec without a rebound.
8:07 of 2nd period - Brooks Laich wins face-off versus Jussi Jokinen in Blues zone.
10:08 of 2nd period - Icing by Matt Carle.
10:09 of 2nd period - Henrik Zetterberg wins face-off versus Jussi Jokinen in Canucks zone.
10:24 of 2nd period - Matt Carle is hit by Christopher Higgins and loses puck.
10:53 of 2nd period - Shot by Mikko Koivu.
10:53 of 2nd period - Stopped by Ondrej Pavelec with a rebound.
11:01 of 2nd period - Shot by Loui Eriksson.
11:01 of 2nd period - Shot Blocked by Yannick Weber.
11:03 of 2nd period - Shot by Marco Scandella.
11:03 of 2nd period - Stopped by Ondrej Pavelec without a rebound.
11:04 of 2nd period - Brandon Sutter wins face-off versus Ryan Getzlaf in Blues zone.
11:07 of 2nd period - Shot by Nick Foligno.
11:07 of 2nd period - Goal by Nick Foligno - Canucks : 2 - Blues : 1.
11:08 of 2nd period - Maxime Talbot wins face-off versus Ryan Getzlaf in neutral zone.
11:29 of 2nd period - Shot by Maxime Talbot.
11:29 of 2nd period - Deflect By Brooks Laich.
11:29 of 2nd period - Shot Misses the Net.
11:31 of 2nd period - Shot by Maxime Talbot.
11:31 of 2nd period - Shot Blocked by Barret Jackman.
12:13 of 2nd period - Icing by Brent Burns.
12:14 of 2nd period - Brad Boyes wins face-off versus Henrik Zetterberg in Blues zone.
12:21 of 2nd period - Shot by Sami Salo.
12:21 of 2nd period - Stopped by Henrik Lundqvist without a rebound.
12:22 of 2nd period - Mikko Koivu wins face-off versus Jussi Jokinen in Canucks zone.
12:52 of 2nd period - Jussi Jokinen is hit by Alex Pietrangelo and loses puck.
13:30 of 2nd period - Loui Eriksson is hit by Barret Jackman and loses puck.
13:34 of 2nd period - Icing by Mark Streit.
13:35 of 2nd period - Henrik Zetterberg wins face-off versus Ryan Getzlaf in Blues zone.
13:37 of 2nd period - Minor Penalty to Mark Streit for Hooking.
13:38 of 2nd period - Brooks Laich wins face-off versus Rick Nash in Blues zone.
13:42 of 2nd period - Henrik Zetterberg is hit by Barret Jackman and loses puck.
15:19 of 2nd period - Icing by Dmitry Kulikov.
15:20 of 2nd period - Ryan OReilly wins face-off versus Ryan Getzlaf in Canucks zone.
16:24 of 2nd period - Icing by Radek Martinek.
16:25 of 2nd period - Jussi Jokinen wins face-off versus Brooks Laich in Canucks zone.
17:08 of 2nd period - Icing by Marco Scandella.
17:09 of 2nd period - Ryan Getzlaf wins face-off versus Brooks Laich in Canucks zone.
17:26 of 2nd period - Shot by Rick Nash.
17:26 of 2nd period - Shot Misses the Net.
17:57 of 2nd period - Off-side.
17:58 of 2nd period - Brad Boyes wins face-off versus Henrik Zetterberg in neutral zone.
18:35 of 2nd period - Shot by Andrei Markov.
18:35 of 2nd period - Shot Blocked by Dmitry Kulikov.
19:30 of 2nd period - Icing by Brent Burns.
19:31 of 2nd period - Brandon Sutter wins face-off versus Alexander Radulov in Blues zone.

3rd period


0:01 of 3rd period - Rick Nash wins face-off versus Ryan OReilly in neutral zone.
0:14 of 3rd period - Shot by Rick Nash.
0:14 of 3rd period - Shot Misses the Net.
0:27 of 3rd period - Minor Penalty to Steve Ott for High sticking.
0:28 of 3rd period - Brooks Laich wins face-off versus Rick Nash in Blues zone.
0:35 of 3rd period - Shot by Erik Karlsson.
0:35 of 3rd period - Shot Blocked by Rick Nash.
0:37 of 3rd period - Shot by Erik Karlsson.
0:37 of 3rd period - Stopped by Ondrej Pavelec without a rebound.
0:38 of 3rd period - Rick Nash wins face-off versus Brooks Laich in Blues zone.
0:38 of 3rd period - Rick Nash is hit by Brooks Laich.
1:57 of 3rd period - Shot by Alex Pietrangelo.
1:57 of 3rd period - Shot Misses the Net.
1:59 of 3rd period - Shot by Phil Kessel.
1:59 of 3rd period - Shot Misses the Net.
2:01 of 3rd period - Shot by Erik Karlsson.
2:01 of 3rd period - Shot Misses the Net.
2:30 of 3rd period - Radek Martinek is hit by Alexander Radulov and loses puck.
3:13 of 3rd period - Icing by Brandon Sutter.
3:14 of 3rd period - Brandon Sutter wins face-off versus Brad Boyes in Canucks zone.
3:48 of 3rd period - Maxime Talbot is hit by Brenden Morrow and loses puck.
3:58 of 3rd period - Icing by Matt Carle.
3:59 of 3rd period - Brooks Laich wins face-off versus Ryan Getzlaf in Canucks zone.
3:59 of 3rd period - Brooks Laich is hit by Steve Ott.
4:12 of 3rd period - Valtteri Filppula is hit by Steve Ott.
4:30 of 3rd period - Shot by Henrik Zetterberg.
4:30 of 3rd period - Stopped by Ondrej Pavelec without a rebound.
4:31 of 3rd period - Jussi Jokinen wins face-off versus Henrik Zetterberg in Blues zone.
4:57 of 3rd period - Minor Penalty to Ryan OReilly for Roughing.
4:58 of 3rd period - Rick Nash wins face-off versus Brooks Laich in Canucks zone.
5:03 of 3rd period - Shot by Rick Nash.
5:03 of 3rd period - Goal by Rick Nash - Canucks : 2 - Blues : 2.
5:04 of 3rd period - Mikko Koivu wins face-off versus Ryan Getzlaf in neutral zone.
5:13 of 3rd period - Shot by Corey Perry.
5:13 of 3rd period - Stopped by Ondrej Pavelec without a rebound.
5:14 of 3rd period - Ryan OReilly wins face-off versus Jussi Jokinen in Blues zone.
5:39 of 3rd period - Shot by Ryan OReilly.
5:39 of 3rd period - Shot Misses the Net.
5:41 of 3rd period - Shot by Henrik Zetterberg.
5:41 of 3rd period - Stopped by Ondrej Pavelec with a rebound.
6:10 of 3rd period - Mikko Koivu is hit by Alexander Radulov.
6:45 of 3rd period - Shot by Ryan Getzlaf.
6:45 of 3rd period - Shot Blocked by Alex Pietrangelo.
7:43 of 3rd period - Shot by Brad Boyes.
7:43 of 3rd period - Shot Blocked by Maxime Talbot.
7:45 of 3rd period - Shot by Brenden Morrow.
7:45 of 3rd period - Deflect By Todd Bertuzzi.
7:45 of 3rd period - Shot Misses the Net.
7:50 of 3rd period - Icing by Marco Scandella.
7:51 of 3rd period - Brooks Laich wins face-off versus Christopher Higgins in Canucks zone.
7:59 of 3rd period - Off-side.
8:00 of 3rd period - Henrik Zetterberg wins face-off versus Jussi Jokinen in neutral zone.
8:33 of 3rd period - Minor Penalty to Dmitry Kulikov for Holding.
8:34 of 3rd period - Brooks Laich wins face-off versus Ryan Getzlaf in Canucks zone.
9:01 of 3rd period - Icing by Sami Salo.
9:02 of 3rd period - Ryan Getzlaf wins face-off versus Brooks Laich in Blues zone.
9:06 of 3rd period - Icing by Steve Ott.
9:07 of 3rd period - Ryan Getzlaf wins face-off versus Brooks Laich in Blues zone.
9:18 of 3rd period - Shot by Steve Ott.
9:18 of 3rd period - Stopped by Henrik Lundqvist without a rebound.
9:19 of 3rd period - Brooks Laich wins face-off versus Alexander Radulov in Canucks zone.
9:19 of 3rd period - Brooks Laich is hit by Jussi Jokinen.
9:54 of 3rd period - Shot by Barret Jackman.
9:54 of 3rd period - Shot Blocked by Erik Karlsson.
9:56 of 3rd period - Shot by Jussi Jokinen.
9:56 of 3rd period - Shot Misses the Net.
10:16 of 3rd period - Shot by Rick Nash.
10:16 of 3rd period - Stopped by Henrik Lundqvist without a rebound.
10:17 of 3rd period - Ryan Getzlaf wins face-off versus Brandon Sutter in Canucks zone.
10:37 of 3rd period - Icing by Alex Pietrangelo.
10:38 of 3rd period - Mikko Koivu wins face-off versus Brad Boyes in Canucks zone.
10:38 of 3rd period - Mikko Koivu is hit by Brenden Morrow.
10:48 of 3rd period - Loui Eriksson is hit by Brenden Morrow and loses puck.
10:59 of 3rd period - Shot by Loui Eriksson.
10:59 of 3rd period - Deflect By Corey Perry.
10:59 of 3rd period - Goal by Corey Perry - Canucks : 3 - Blues : 2.
11:00 of 3rd period - Ryan Getzlaf wins face-off versus Henrik Zetterberg in neutral zone.
11:45 of 3rd period - Shot by Ryan Getzlaf.
11:45 of 3rd period - Shot Blocked by Ryan OReilly.
12:06 of 3rd period - Shot by Alexander Radulov.
12:06 of 3rd period - Stopped by Henrik Lundqvist without a rebound.
12:07 of 3rd period - Corey Perry wins face-off versus Brad Boyes in Canucks zone.
12:15 of 3rd period - Off-side.
12:16 of 3rd period - Mikko Koivu wins face-off versus Jussi Jokinen in neutral zone.
13:34 of 3rd period - Shot by Brooks Laich.
13:34 of 3rd period - Shot Misses the Net.
14:19 of 3rd period - Off-side.
14:20 of 3rd period - Brandon Sutter wins face-off versus Steve Ott in neutral zone.
15:01 of 3rd period - Shot by Rick Nash.
15:01 of 3rd period - Shot Blocked by Alex Pietrangelo.
15:54 of 3rd period - Icing by Erik Karlsson.
15:55 of 3rd period - Henrik Zetterberg wins face-off versus Ryan Getzlaf in Canucks zone.
15:55 of 3rd period - Henrik Zetterberg is hit by Jerred Smithson.
17:00 of 3rd period - Shot by Mikko Koivu.
17:00 of 3rd period - Shot Blocked by Mark Streit.
17:02 of 3rd period - Shot by Marco Scandella.
17:02 of 3rd period - Shot Misses the Net.
17:10 of 3rd period - Shot by Corey Perry.
17:10 of 3rd period - Stopped by Ondrej Pavelec without a rebound.
17:11 of 3rd period - Jussi Jokinen wins face-off versus Brooks Laich in Blues zone.
17:31 of 3rd period - Icing by Mark Fayne.
17:32 of 3rd period - Jussi Jokinen wins face-off versus Mikko Koivu in Blues zone.
18:03 of 3rd period - Shot by Mikko Koivu.
18:03 of 3rd period - Stopped by Ondrej Pavelec with a rebound.
18:42 of 3rd period - Shot by Ryan Getzlaf.
18:42 of 3rd period - Stopped by Henrik Lundqvist without a rebound.
18:43 of 3rd period - Henrik Zetterberg wins face-off versus Brad Boyes in Canucks zone.
18:43 of 3rd period - Henrik Zetterberg is hit by Brenden Morrow.
18:53 of 3rd period - Double Minor Penalty to Phil Kessel for Roughing.
18:54 of 3rd period - Ryan Getzlaf wins face-off versus Brooks Laich in Canucks zone.
19:01 of 3rd period - Blues, Ondrej Pavelec is pulled from the net.
19:21 of 3rd period - Shot by Barret Jackman.
19:21 of 3rd period - Stopped by Henrik Lundqvist without a rebound.
19:22 of 3rd period - Ryan Getzlaf wins face-off versus Brooks Laich in Canucks zone.


Output by the SimonT Hockey Simulator (STHS) for Stephane Roy -- Original Page W3C XHTML 1.0 Valid
Hockey Simulator - Hockey Simulation - Hockey Manager